 Dungeon Crawl Stone Soup version 0.28-a0-1404-g4df0f3684d (webtiles) character file.

Game seed: 13068189147613201238

13 flotson the Chopper (level 2, 0/22 HPs)
             Began as a Demonspawn Gladiator on Jan 6, 2022.
             Slain by a quokka (3 damage)
             ... on level 1 of the Dungeon.
             The game lasted 00:00:31 (288 turns).

flotson the Chopper (Demonspawn Gladiator)           Turns: 288, Time: 00:00:32

Health: 0/22       AC:  6    Str: 14    XL:     2   Next: 24%
Magic:  2/2        EV: 11    Int:  9    God:
Gold:   22         SH:  0    Dex: 14    Spells: 1/1 levels left

rFire   . . .      SeeInvis .   a - +0 war axe
rCold   . . .      Faith    .   (no shield)
rNeg    . . .      Spirit   .   e - +0 ring mail
rPois   .          Reflect  .   c - +0 helmet
rElec   .          Harm     .   (no cloak)
rCorr   .          Rampage  .   (no gloves)
Will    .....                   (no boots)
Stlth   +.........              (no amulet)
HPRegen 0.07/turn               (no ring)
MPRegen 0.08/turn               (no ring)

@: no status effects
A: hooves 1
a: no special abilities


You were on level 1 of the Dungeon.
You visited 1 branch of the dungeon, and saw 1 of its levels.

You collected 22 gold pieces.

Inventory:

Hand Weapons
 a - a +0 war axe (weapon)
Missiles
 d - 3 throwing nets (quivered)
Armour
 c - a +0 helmet (worn)
 e - a +0 ring mail (worn)
Scrolls
 b - 3 scrolls of fog {unknown}
Potions
 f - a potion of heal wounds {unknown}
 g - a potion of flight {unknown}


   Skills:
 + Level 2.2 Fighting
 + Level 2.8 Axes
 + Level 2.0 Throwing
 + Level 0.5 Armour
 + Level 2.8 Dodging


You had one spell level left.
You didn't know any spells.
Your spell library was empty.

Dungeon Overview and Level Annotations

Branches:
Dungeon (1/15)

Altars:


Innate Abilities, Weirdness & Mutations

You have large cloven feet.


Message History

You are too injured to fight recklessly!
Unknown command.
You are too injured to fight recklessly!
Unknown command.
You barely miss the quokka.
The quokka is severely wounded.
You hit the jackal but do no damage. You barely miss the jackal.
The jackal bites you but does no damage.
The jackal barely misses you. The quokka barely misses you.
The jackal misses you. The jackal barely misses you.
You closely miss the quokka. Your kick misses the quokka.
Your punch misses the quokka.
The quokka is severely wounded.
You closely miss the jackal. You hit the jackal but do no damage.
The jackal barely misses you.
The quokka bites you but does no damage.
The jackal closely misses you. The jackal bites you.
The quokka barely misses you.
The jackal bites you but does no damage.
The jackal barely misses you. The jackal closely misses you.
The jackal bites you but does no damage.
The jackal barely misses you.
You are too injured to fight recklessly!
You closely miss the jackal.
The jackal bites you but does no damage.
The jackal bites you.
You closely miss the jackal. The jackal bites you.
* * * LOW HITPOINT WARNING * * *
The jackal bites you but does no damage.
You barely miss the jackal. The jackal closely misses you.
The jackal bites you but does no damage.
You slash the jackal!
You kill the jackal!
The quokka bites you.
* * * LOW HITPOINT WARNING * * *
You hit the quokka but do no damage. You kick the quokka.
The quokka is almost dead.
The quokka bites you.
You die...

≈.≈#≈8≈.# #≈#≈≈#≈#
#≈.≈≈≈≈### #.#......###
#..........# #|######.#.#
#.# ####.#.######
##.###............
###@.....##.#.#.....
###hr##++##...#.#.#### #.
##...## ##....#.#
##...###..### ###..#.#
...?..†..##############...#
...)..[†####P♣♣P♣PPP####..#
........# #PP...<..♣P# #..#
## .#...##.# #..........#
#..# #. ..... ..#
#'##...P##+# #..###.


You could see a quokka and a jackal.

Vanquished Creatures
  2 endoplasms (D:1)
  A giant cockroach (D:1)
  5 jackals (D:1)
  A kobold (D:1)
  A frilled lizard (D:1)
10 creatures vanquished.

Vanquished Creatures (others)
  A plant (D:1)
1 creature vanquished.

Grand Total: 11 creatures vanquished

Notes
Turn   | Place    | Note
-------+----------+-------------------------------------------
     0 | D:1      | flotson the Demonspawn Gladiator began the quest for the
                  | Orb.
     0 | D:1      | Reached XP level 1. HP: 16/16 MP: 1/1
   270 | D:1      | Gained mutation: You have large cloven feet. [demonic
                  | ancestry]
   270 | D:1      | Reached XP level 2. HP: 22/22 MP: 2/2
   288 | D:1      | Slain by a quokka

Illustrated notes

Levels and vault maps discovered:
D:1:      denvon_arrival_planthouse, layout_loops_ring, serial_shops,
          nicolae_shop_hallway_stairs,
          dreamdust_ecumenical_altar_drowned_temple, serial_park_tiny_pond

Skill      XL: |  1  2 |
---------------+-------+-----
Throwing       | 2 |  2.0
Fighting       | |  2.2
Axes           | |  2.8
Armour         | |  0.5
Dodging        | |  2.8

Action                   || total
-------------------------++-------
Melee: War axe           ||    27
       Kick              ||     1
Armor: Ring mail         ||    25
       Leather armour    ||     2
Dodge: Dodged            ||    26

Table legend: (Time is in decaauts)
 A = Elapsed time spent in this place.
 B = Non-inter-level travel time spent in this place.
 C = Inter-level travel time spent in this place.
 D = Time resting spent in this place.
 E = Time spent auto-exploring this place.
 F = Levels seen in this place.
 G = Mean time per level.
                   A        B        C        D        E       F      G
               +--------+--------+--------+--------+--------+-----+--------+
         Total |    297 |    297 |      0 |      0 |    207 |   1 |  297.0 |
       Dungeon |    297 |    297 |      0 |      0 |    207 |   1 |  297.0 |
               +--------+--------+--------+--------+--------+-----+--------+

Top non-repeatable levels by time:
     D:1: 297 daAuts
